Map: Ulrena

Players

theWalrus

  • Race: Terran Terran
  • League: Platinum

LilDicky - Winner!

  • Race: Terran Terran
  • League: Diamond

VOD

http://www.twitch.tv/tumescentpie

Description

Time

  • Played on: Dec. 25, 2015, 7:17 p.m.
  • Length: 14:42
Show
View Real Time Build Order
Export as new Build Order

theWalrus Terran 

Build Orders:  

Get SALT Encoding   

  12  0:00  SCV  
  13  0:13  SCV  
  14  0:19  Supply Depot  
  14  0:25  SCV  
  15  0:40  SCV  
  15  0:42  Barracks  
  16  0:49  Refinery  
  16  0:53  SCV  
  17  1:05  SCV  
  18  1:17  SCV  
  19  1:29  Orbital Command  
  19  1:32  Reaper  
  20  1:33  Supply Depot  
  20  1:36  Refinery  
  20  1:57  SCV  
  21  2:04  Command Center, Marine  
  22  2:13  SCV  
  23  2:18  Factory  
  23  2:31  Marine  
  23  2:34  SCV  
  23  2:36  Supply Depot  
  25  2:52  SCV  
  25  2:53  Marine  
  27  3:04  Starport  
  27  3:05  Factory Tech Lab  
  27  3:11  Marine  
  28  3:18  Orbital Command  
  28  3:25  Cyclone  
  31  3:27  SCV  
  31  3:28  Marine  
  31  3:30  Supply Depot  
  33  3:44  Viking  
  33  3:46  Orbital Command  
  33  3:47  Supply Depot  
  35  3:51  Marine  
  35  3:55  Supply Depot  
  36  4:01  Siege Tank  
  39  4:12  Marine  
  39  4:15  SCV x2, Engineering Bay  
  42  4:18  Starport Reactor  
  42  4:27  SCV  
  43  4:34  Barracks  
  43  4:40  SCV  
  43  4:44  SCV  
  45  4:47  Missile Turret  
  45  4:55  SCV, Missile Turret  
  45  5:02  Bunker  
  45  5:05  Viking  
  38  5:23  Marine x2  
  38  5:24  Siege Tank  
  43  5:31  SCV x2  
  42  5:37  Terran Infantry Weapons Level 1  
  42  5:40  Barracks  
  41  5:47  Marine x2  
  43  5:55  SCV  
  41  5:57  SCV  
  33  6:04  Marine x2  
  33  6:09  SCV x2  
  36  6:19  Medivac x2  
  36  6:20  Siege Tank  
  36  6:22  Marine x2  
  36  6:25  Supply Depot  
  45  6:30  Barracks Tech Lab  
  45  6:31  Supply Depot  
  45  6:32  SCV x2  
  46  6:44  SCV  
  46  6:49  Viking x2  
  46  6:52  Marine  
  47  6:56  Marine x2  
  47  7:09  SCV  
  47  7:10  Marine  
  47  7:14  Marine x2  
  51  7:19  Viking x2  
  55  7:26  SCV  
  55  7:27  SCV, Marine  
  53  7:32  Marine x2  
  55  7:43  SCV  
  56  7:46  Siege Tank  
  49  8:04  SCV x2  
  51  8:06  Marine x3  
  54  8:16  SCV x2  
  54  8:19  Stimpack  
  56  8:30  Marine x3  
  59  8:43  Siege Tank  
  59  8:45  Terran Infantry Armor Level 1  
  62  8:51  Marine x3  
  65  8:56  Supply Depot  
  65  9:00  SCV x2  
  67  9:09  Barracks, Marine  
  67  9:12  SCV  
  67  9:13  Barracks  
  57  9:25  SCV x2  
  57  9:27  Marine x2  
  57  9:28  Marine  
  62  9:45  Marine x3  
  58  10:03  Marine x3  
  58  10:04  Marine x2  
  58  10:21  Marine x3  
  59  10:22  Marine x2  
  59  10:24  Combat Shields  
  63  10:38  Marine  
  62  10:49  Marine x3  
  63  10:50  Marine  
  49  11:20  Marine  
  49  11:21  Marine x4  
  49  11:22  SCV x2  
  49  11:25  Refinery  
  56  11:26  Refinery  
  56  11:27  Command Center  
  56  11:30  Missile Turret  
  56  11:36  Medivac x2  
  56  11:37  Siege Tank  
  56  11:38  Marine x2  
  56  11:39  Marine x3  
  68  11:57  Marine x3  
  68  11:58  Marauder  
  68  12:11  Marine  
  68  12:15  Marine x3  
  70  12:18  Concussive Shells  
  70  12:19  Marauder  
  72  12:26  Medivac x2  
  72  12:28  Marine  
  77  12:32  Marine  
  77  12:33  Engineering Bay, Marine x2  
  80  12:38  Armory  
  80  12:41  Marauder  
  82  12:47  Marine  
  82  12:50  SCV x2, Marine x2  
  87  12:53  Marine  
  88  13:02  SCV, Marauder  
  88  13:08  Orbital Command  
  88  13:10  SCV  
  87  13:24  Marauder  
  83  13:43  Marine x4  
  83  13:44  Marine  
  83  13:45  SCV x3  
  91  13:50  Missile Turret  
  91  13:57  SCV x3  
  91  14:01  Marine  
  95  14:03  Marauder  
Show
View Real Time Build Order
Export as new Build Order

LilDicky Terran - Winner!

Build Orders: Banshee Rush 

Get SALT Encoding   

  12  0:03  SCV  
  13  0:15  SCV  
  13  0:19  Supply Depot  
  14  0:27  SCV  
  15  0:36  Refinery  
  15  0:41  SCV  
  16  0:46  Barracks  
  16  0:53  SCV  
  17  1:06  SCV  
  18  1:18  SCV  
  19  1:30  SCV  
  20  1:34  Supply Depot, Marine  
  21  1:42  Refinery, Orbital Command  
  21  1:48  Factory  
  21  1:53  Marine  
  22  2:11  Marine  
  22  2:12  SCV  
  24  2:18  Supply Depot  
  24  2:24  SCV  
  25  2:31  Marine  
  25  2:32  Factory Tech Lab  
  25  2:34  Starport  
  26  2:37  SCV  
  26  2:40  Supply Depot  
  27  2:49  Marine  
  28  2:58  SCV  
  29  3:14  Widow Mine  
  29  3:15  Supply Depot  
  29  3:17  Engineering Bay  
  29  3:18  SCV, Banshee  
  29  3:19  Cloaking Field  
  35  3:29  Supply Depot  
  35  3:30  SCV  
  36  3:35  Marine  
  37  3:42  SCV  
  40  3:52  Marine  
  40  3:54  SCV  
  42  3:56  Missile Turret  
  42  3:57  Factory Tech Lab  
  42  4:01  Banshee  
  43  4:10  Marine  
  43  4:11  SCV, Supply Depot  
  45  4:17  Siege Tank  
  45  4:28  Marine  
  45  4:30  SCV  
  47  4:39  Supply Depot  
  47  4:42  SCV  
  47  4:44  Viking  
  50  4:48  Marine  
  50  4:49  Siege Tank  
  54  4:54  Missile Turret  
  54  4:55  SCV  
  44  5:29  Banshee, Siege Tank  
  44  5:30  Marine  
  51  5:48  Marine  
  44  6:09  Siege Tank  
  43  6:12  Banshee  
  43  6:14  SCV  
  47  6:19  Factory  
  47  6:26  Command Center, SCV  
  47  6:30  Marine  
  47  6:31  Refinery  
  49  6:33  Refinery  
  49  6:39  SCV  
  50  6:51  SCV  
  48  6:58  Siege Tank  
  48  6:59  Banshee  
  54  7:30  Siege Tank  
  53  7:54  SCV  
  52  8:03  Orbital Command  
  49  8:06  Siege Tank  
  49  8:07  Factory Tech Lab  
  49  8:11  Factory  
  52  8:13  SCV  
  53  8:26  SCV  
  54  8:28  Command Center  
  54  8:29  SCV  
  55  8:38  SCV, Siege Tank  
  55  8:41  SCV  
  60  8:44  Viking  
  60  8:47  Cyclone  
  65  8:56  Factory Reactor  
  65  9:20  Refinery  
  65  9:21  Refinery  
  59  9:25  Cyclone  
  59  9:28  Marine  
  63  9:36  SCV x2  
  65  9:46  Marine  
  63  9:54  Siege Tank  
  63  9:57  Cyclone  
  66  10:04  Marine  
  61  10:18  Banshee  
  61  10:20  Widow Mine  
  66  10:22  Widow Mine  
  66  10:23  Orbital Command  
  66  10:26  Cyclone  
  66  10:27  SCV  
  66  10:28  SCV  
  73  10:29  Siege Tank  
  76  10:36  Command Center  
  76  10:38  Barracks  
  76  10:39  Barracks  
  76  10:40  SCV  
  73  10:44  Barracks x2  
  73  10:46  Barracks  
  73  10:48  Missile Turret  
  61  11:14  Marine  
  57  11:21  Siege Tank  
  57  11:22  Siege Tank, Widow Mine x2  
  57  11:24  Banshee  
  65  11:30  Barracks Tech Lab x2  
  65  11:31  Marine x2  
  65  11:32  Marine  
  65  11:38  SCV, Marine  
  67  11:46  Terran Infantry Weapons Level 1, Factory  
  67  11:47  Factory  
  67  11:49  Armory, Marine x2  
  67  11:50  Armory, Marine  
  67  11:53  Siege Tank  
  67  11:54  Siege Tank  
  75  11:56  Marine  
  66  12:06  SCV x2, Marine  
  66  12:07  SCV, Marine  
  66  12:08  Marine  
  66  12:11  Marine x2  
  66  12:14  Marine  
  68  12:16  Planetary Fortress  
  68  12:18  SCV x2  
  68  12:20  Missile Turret  
  69  12:24  Marine x2  
  69  12:25  Marine  
  69  12:29  SCV, Marine x2  
  75  12:30  SCV  
  75  12:32  Marine  
  75  12:34  SCV  
  78  12:38  Siege Tank, Missile Turret  
  78  12:39  Siege Tank  
  78  12:41  SCV  
  78  12:42  SCV, Marine  
  78  13:13  Marine x2  
  78  13:17  Siege Tank x2  
  78  13:18  Marine  
  86  13:21  Banshee  
  86  13:25  SCV x2  
  86  13:26  Refinery  
  86  13:27  Marine x3  
  91  13:30  Marine x2  
  82  13:36  Refinery, Marine  
  80  13:43  SCV x2  
  80  13:44  Marine  
  80  13:45  Marine x2  
  85  13:48  Hellion, Marine x2  
  85  13:49  Hellion x2, Siege Tank  
  85  13:50  Hellion  
  85  13:54  Marine  
  98  14:02  Marine x3  
  99  14:06  Marine  
  103  14:17  Marine  
  103  14:20  Marine x2  
Tags
 
Add a new tag
Caveats
  • Supply blocks, unpowered buildings, or Contaminate may cause inaccurate times.
  • Supply counts are checked every 10 seconds.